 Dungeon Crawl Stone Soup version 0.18.1-48-g4cf74bf (webtiles) character file.

2146 Ladykiller69 the Cleaver (level 9, 0/65 HPs)
             Began as a Formicid Fighter on Aug 4, 2016.
             Was a Believer of Cheibriados.
             Slain by a red ugly thing (18 damage)
             ... on level 7 of the Dungeon on Aug 17, 2016.
             The game lasted 00:27:12 (5290 turns).

Ladykiller69 the Cleaver (Formicid Fighter)         Turns: 5290, Time: 00:27:13

Health: 0/65       AC:  7    Str: 30    XL:     9   Next: 56%
Magic:  9/9        EV: 10    Int: 14    God:    Cheibriados [**....]
Gold:   358        SH: 13    Dex: 16    Spells: 0 memorised, 8 levels left

rFire  . . .     SeeInvis +     a - +0 war axe
rCold  . . .     Gourm    .     b - +0 scale mail
rNeg   . . .     Faith    .     c - +0 shield
rPois  .         Spirit   .     (helmet unavailable)
rElec  .         Dismiss  .     (no cloak)
rCorr  .         Reflect  .     (no gloves)
SustAt .         Harm     .     (no boots)
MR     .....                    (no amulet)
Stlth  ..........               (no ring)
                                (no ring)

@: very slow, not resistant to hostile enchantments, extremely unstealthy
A: permanent stasis, dig shafts and tunnels, four strong arms, antennae 3
a: Dig, Shaft Self, Bend Time, Renounce Religion


You were on level 7 of the Dungeon.
You worshipped Cheibriados.
Cheibriados was pleased with you.
You were very hungry.

You visited 1 branch of the dungeon, and saw 8 of its levels.
You also visited: Ossuary.

You collected 358 gold pieces.

Inventory:

Hand Weapons
 a - a +0 war axe (weapon)
Missiles
 g - 8 javelins (quivered)
 r - 16 tomahawks
Armour
 b - a +0 scale mail (worn)
 c - a +0 shield (worn)
Jewellery
 h - an uncursed ring of fire {unknown}
 k - an uncursed ring of protection from fire {unknown}
 u - an uncursed amulet of faith {unknown}
 y - an uncursed ring of see invisible {unknown}
 B - a cursed -3 ring of slaying {unknown}
 I - an uncursed ring of ice {unknown}
 K - an uncursed ring of protection from magic {unknown}
 L - an uncursed ring of poison resistance {unknown}
Wands
 D - a wand of acid (5/15)
 H - a wand of flame (22/48)
Scrolls
 j - a scroll of remove curse
 m - 2 scrolls of fear {unknown}
 q - 2 scrolls of fog {unknown}
 t - 7 scrolls of identify {unknown}
 z - a scroll of enchant weapon {unknown}
 E - a scroll of recharging {unknown}
Potions
 d - a potion of cure mutation {unknown}
 e - a potion of ambrosia {unknown}
 l - a potion of brilliance
 n - 4 potions of lignification {unknown}
 o - 2 potions of curing {unknown}
 p - 2 potions of flight {unknown}
 s - 2 potions of haste {unknown}
 w - 2 potions of invisibility {unknown}
 x - 2 potions of berserk rage {unknown}
 A - a potion of magic {unknown}
 C - a potion of agility {unknown}
 F - 4 potions of might
 G - a potion of beneficial mutation {unknown}
 N - a potion of cancellation {unknown}
Books
 M - a Young Poisoner's Handbook

   Spells                             Type                      Level
   a - Sting                          Conjuration/Poison           1
   b - Cure Poison                    Poison                       2
   c - Mephitic Cloud                 Conjuration/Poison/Air       3
   d - Olgreb's Toxic Radiance        Poison                       4
   e - Venom Bolt                     Conjuration/Poison           5
Comestibles
 f - 7 bread rations
 i - a meat ration
 v - a beef jerky
 J - 6 chunks of flesh


   Skills:
 - Level 4.1 Fighting
 * Level 9.6 Axes
 - Level 4.0 Armour
 - Level 1.0 Dodging
 + Level 8.7 Shields


You had 8 spell levels left.
You didn't know any spells.

Dungeon Overview and Level Annotations

Branches:
Dungeon (8/15)             Temple (0/1) D:7
   Lair: D:8-11

Altars:
Ashenzari
Cheibriados
Elyvilon
Fedhas
Gozag
Makhleb
Pakellas
Qazlal
Ru
Trog
Xom
Zin
The Shining One

Shops:
D:5 (


Innate Abilities, Weirdness & Mutations

You are under a permanent stasis effect.
You can dig through walls and to a lower floor.
Your four strong arms can wield two-handed weapons with a shield.
You have a pair of large antennae on your head (SInv).


Message History

You block the vampire mosquito's attack. x2
You dig through the rock wall.
The vampire mosquito misses you.
You block the vampire mosquito's attack.
You retract your mandibles.
You closely miss the vampire mosquito.
You block the vampire mosquito's attack.
You hit the red ugly thing.
The red ugly thing is lightly wounded.
The quokka twitches its whiskers.
You closely miss the red ugly thing.
The red ugly thing is lightly wounded.
The red ugly thing claws you.
You are engulfed in flames!!
Are you sure you want to shaft yourself?
You are feeling very hungry.
The red ugly thing claws you but does no damage.
You begin to dig a shaft.
You continue digging a shaft.
The soldier ant waves its antennae.
The red ugly thing claws you.
* * * LOW HITPOINT WARNING * * *
You are engulfed in flames!!
You die...

.......#....#.###..####.##
......{#....#.............
.(....H'....######<###..##
##########.## #.# #
#.#{########.#
#####.a{{........#
#....rHy....c..[..
#.####u######.#.## ##@# #.
..............#.
#.#############


You could see a red ugly thing, a hippogriff, a soldier ant and a quokka.

Vanquished Creatures
  Grinder (D:5)
  Eustachio (D:5)
  Menkaure (D:5)
  A water moccasin (D:7)
  An ice beast (D:6)
  5 ogres
  A centaur (D:6)
  2 elf zombies (Ossuary)
  2 giant frogs (D:6)
  3 howler monkeys
  A crimson imp (D:5)
  A hound (D:4)
  3 orc wizards
  A giant frog skeleton (D:4)
  Natasha (thrice) (D:3)
  An iguana (D:5)
  2 worker ants
  2 big kobold zombies (Ossuary)
  A hound skeleton (D:4)
  4 mummies (Ossuary)
  3 worker ant zombies
  5 adders
  2 oozes (D:2)
  3 adder zombies (Ossuary)
  An adder skeleton (D:4)
  4 dart slugs
  3 giant geckos
  10 orcs
  3 ball pythons
  9 bats
  2 giant cockroaches
  A gnoll zombie (Ossuary)
  7 goblins
  7 hobgoblins
  9 jackals
  3 quokkas
  3 giant newts
  A hobgoblin zombie (Ossuary)
  2 kobolds
  A kobold zombie (Ossuary)
  8 rats
  2 rat zombies (Ossuary)
126 creatures vanquished.

Notes
Turn   | Place    | Note
--------------------------------------------------------------
     0 | D:1      | Ladykiller69 the Formicid Fighter began the quest for the Orb.
     0 | D:1      | Reached XP level 1. HP: 18/18 MP: 1/1
    97 | D:1      | Reached XP level 2. HP: 16/24 MP: 2/2
   314 | D:1      | Found a glowing golden altar of the Shining One.
   419 | D:1      | Reached XP level 3. HP: 28/29 MP: 3/3
   618 | D:2      | Found an opulent altar of Gozag.
   700 | D:2      | Reached skill level 1 in Dodging
   736 | D:2      | Reached XP level 4. HP: 35/37 MP: 4/4
   981 | D:3      | Noticed Natasha
   986 | D:3      | Killed Natasha
  1007 | D:3      | Noticed Natasha
  1024 | D:3      | Killed Natasha
  1024 | D:3      | Reached skill level 3 in Axes
  1024 | D:3      | Reached XP level 5. HP: 6/42 MP: 5/5
  1059 | D:3      | Noticed Natasha
  1060 | D:3      | HP: 2/42 [Natasha (7)]
  1063 | D:3      | Killed Natasha
  1406 | D:3      | Found a shattered altar of Ashenzari.
  1560 | D:3      | Found a bloodstained altar of Trog.
  1561 | D:3      | Found a blossoming altar of Fedhas.
  1647 | D:3      | Found a snail-covered altar of Cheibriados.
  1656 | D:3      | Became a worshipper of Cheibriados the Contemplative
  1933 | D:4      | Reached XP level 6. HP: 32/48 MP: 6/6
  1936 | D:4      | Reached skill level 4 in Axes
  2240 | D:4      | Noticed an ogre
  2243 | D:4      | Killed an ogre
  2243 | D:4      | Reached skill level 5 in Shields
  2319 | D:4      | Found a glowing silver altar of Zin.
  2343 | D:4      | Reached XP level 7. HP: 53/54 MP: 7/7
  2365 | D:4      | Reached skill level 5 in Axes
  2474 | D:4      | Found a stormy altar of Qazlal.
  2531 | D:4      | Found a burning altar of Makhleb.
  2533 | D:4      | Noticed a cacodemon
  2589 | D:4      | Found a white marble altar of Elyvilon.
  2650 | D:5      | Entered Level 5 of the Dungeon
  2664 | D:5      | Found Bejy's Weapon Emporium.
  2664 | D:5      | Found a blossoming altar of Fedhas.
  2744 | D:5      | Noticed Grinder
  2777 | D:5      | Killed Grinder
  2777 | D:5      | Reached * piety under Cheibriados
  2777 | D:5      | Reached skill level 6 in Axes
  2813 | D:5      | Reached XP level 8. HP: 51/60 MP: 8/8
  2877 | D:5      | Noticed Eustachio
  2889 | D:5      | Killed Eustachio
  2952 | D:5      | Reached skill level 7 in Axes
  3168 | D:5      | Noticed Menkaure
  3176 | D:5      | Killed Menkaure
  3535 | D:6      | Found a sand-covered staircase.
  3542 | Ossuary  | Entered an ossuary
  3791 | Ossuary  | Reached skill level 8 in Axes
  3958 | D:6      | Reached XP level 9. HP: 65/65 MP: 9/9
  3967 | D:6      | Reached ** piety under Cheibriados
  4416 | D:6      | Reached skill level 9 in Axes
  4639 | D:6      | Found a sacrificial altar of Ru.
  4670 | D:6      | Found an oddly glowing altar of Pakellas.
  4824 | D:7      | Found a staircase to the Ecumenical Temple.
  4841 | D:7      | Found a shimmering altar of Xom.
  4842 | D:7      | Found a shimmering altar of Xom.
  4842 | D:7      | Found a shimmering altar of Xom.
  4843 | D:7      | Found a shimmering altar of Xom.
  4843 | D:7      | Found a shimmering altar of Xom.
  4844 | D:7      | Found a shimmering altar of Xom.
  4927 | D:7      | You fall through a shaft!
  5275 | D:7      | Noticed a red ugly thing
  5275 | D:7      | Noticed a cyan very ugly thing
  5290 | D:7      | Slain by a red ugly thing

Skill      XL: |  1  2  3  4  5  6  7  8  9 |
---------------+----------------------------+-----
Shields        | 4 5 6 7 8 |  8.7
Dodging        | 1 |  1.0
Fighting       | 4 |  4.1
Axes           | 3 4 6 8 9 |  9.6
Armour         | 4 |  4.0

Action                   |  1- 3 |  4- 6 |  7- 9 || total
-------------------------+-------+-------+-------++-------
Melee: War axe           |    99 |   151 |   253 ||   503
Throw: Javelin           |       |     3 |     8 ||    11
 Abil: Dig               |     6 |     5 |    24 ||    35
       Shaft Self        |       |       |     2 ||     2
  Use: Potion            |       |     2 |       ||     2
       Scroll            |       |       |     4 ||     4
  Eat: Chunk             |       |     6 |     7 ||    13
Armor: Scale mail        |    46 |    64 |    66 ||   176
Dodge: Dodged            |    40 |    56 |    94 ||   190
Block: Shield            |    48 |    93 |   130 ||   271
